 Dungeon Crawl Stone Soup version 0.31-a0-557-g6e16503903 (webtiles) character file.

Game seed: 13420710720136630142

7760 Newt the Mimic (level 11, -6/88 (97) HPs)
             Began as a Pale Draconian Shapeshifter on Aug 16, 2023.
             Was an Initiate of Gozag.
             Mangled by Jeremiah
             ... wielding a +2 glaive of draining
              (13 damage)
             ... on level 8 of the Dungeon.
             The game lasted 00:15:45 (9639 turns).

Newt the Mimic (Pale Draconian Shapeshifter)        Turns: 9639, Time: 00:15:46

HP:   -6/88 (97)    AC:  7    Str: 20    XL:     11   Next: 1%
MP:   11/11         EV:  9    Int: 13    God:    Gozag
Gold: 747           SH:  0    Dex:  9    Spells: 10/10 levels left

rFire   + . .        O - +5 hand axe (freeze)
rCold   + . .        F - +2 kite shield
rNeg    . . .        (body armour unavailable)
rPois   .            (helmet currently unavailable)
rElec   .            (cloak currently unavailable)
rCorr   .            (gloves currently unavailable)
SInv    .            (boots currently unavailable)
Will    .....        n - amulet of reflection
Stlth   +            g - ring of protection from fire
HPRegen 0.34/turn    (no ring)
MPRegen 0.12/turn

%: reflection
@: confused, short of breath, beast-form, ambrosia-drunk, grasped by roots,
constricted, drained
A: beast (slay +4), breathe steam, AC +7, unfitting armour, cold-blooded, steam
resistance, clever 1, clumsy 1, cold resistance 1
a: Breathe Steam, Begin Untransformation, Renounce Religion, Potion Petition,
Call Merchant, Bribe Branch


You were on level 8 of the Dungeon.
You worshipped Gozag.
Gozag was pleased with you.
You were a hulking beast.
You visited 2 branches of the dungeon, and saw 10 of its levels.

You collected 924 gold pieces.
You spent 28 gold pieces at shops.
You paid 149 gold pieces to Gozag.

Inventory:

Hand Weapons
 a - a +0 quarterstaff
 b - a +0 sling
 o - a +2 dagger of speed
 s - a +3 dagger of flaming
 w - a +1 heavy spear
 y - a +2 heavy spear
 J - a +2 flail of draining
 O - a +5 hand axe of freezing (weapon)
 P - a +3 long sword
Missiles
 l - 7 throwing nets
 r - 16 boomerangs
Armour
 j - a +2 cloak
 m - a +0 hat
 x - a +0 kite shield
 F - a +2 kite shield (worn)
Jewellery
 d - a ring of magical power
 g - a ring of protection from fire (left hand)
 k - an amulet of faith
 n - an amulet of reflection (around neck)
 D - a ring of fire
 I - a ring of ice
 K - a ring of protection from cold
Talismans
 c - a flux talisman
 i - a beast talisman (active)
Wands
 B - a wand of roots (16)
 G - a wand of charming (9)
 L - a wand of digging (6)
Scrolls
 h - 9 scrolls of teleportation
 t - a scroll of enchant weapon
 u - a scroll of butterflies
 C - 2 scrolls of amnesia
 H - a scroll of fog
 M - a scroll of identify
 N - a scroll of fear
Potions
 e - a potion of lignification
 f - a potion of mutation
 p - a potion of cancellation
 q - a potion of resistance
 v - a potion of brilliance {unknown}
 A - a potion of enlightenment {unknown}
 E - a potion of might {unknown}


   Skills:
 - Level 9.0 Fighting
 - Level 4.5 Short Blades
 + Level 3.0 Axes
 - Level 3.0 Throwing
 - Level 6.0 Dodging
 - Level 4.0 Shields
 - Level 3.0 Unarmed Combat
 - Level 5.0 Evocations
 - Level 9.0 Shapeshifting


You had 10 spell levels left.
You didn't know any spells.
Your spell library contained the following spells:

 Spells                   Type           Power      Damage    Failure   Level
 Lesser Beckoning         Tloc           0%         N/A       73%         2
 Gell's Gravitas          Tloc           0%         N/A       91%         3
 Ozocubu's Armour         Ice            0%         N/A       91%         3
 Teleport Other           Tloc           0%         N/A       91%         3
 Volatile Blastmotes      Fire/Tloc      0%         2d10      91%         3
 Flame Wave               Conj/Fire      0%         2d4       100%        4
 Fulminant Prism          Conj/Hex       0%         3d5       100%        4
 Iskenderun's Mystic Bla  Conj/Tloc      0%         2d3       100%        4
 Fireball                 Conj/Fire      0%         3d3       100%        5
 Ozocubu's Refrigeration  Ice            0%         4d7       100%        7
 Ignition                 Fire           0%         3d3       100%        8


Dungeon Overview and Level Annotations

Branches:
Dungeon (9/15)             Temple (1/1) D:7            Lair (0/5) D:8
    Orc: D:9-12

Altars:
Ashenzari
Cheibriados
Elyvilon
Fedhas
Gozag
Hepliaklqana
Kikubaaqudgha
Makhleb
Nemelex Xobeh
Okawaru
Ru
Sif Muna
Trog
Uskayaw
Vehumet
Wu Jian
Xom
Yredelemnul
Zin
The Shining One

Shops:
D:5 ?*

Annotations:
D:8 Jeremiah


Innate Abilities, Weirdness & Mutations

You are a hulking beast.
Your limbs bulge with bestial killing power. (Slay +4)
You can breathe blasts of scalding, opaque steam.
Your pale cyan-grey scales are hard. (AC +7)
You cannot fit into any form of body armour.
You are cold-blooded and may be slowed by cold attacks.
You are immune to the effects of steam.
Your mind is acute. (Int +4, Str/Dex -1)
You are clumsy. (Dex -2)
Your flesh is cold resistant. (rC+)


Message History

You are confused.
You feel invigorated.
The butterfly disappears in a burst of colours!
Cornered, the butterfly turns to fight!
Jeremiah zaps a wand.
The roots erupt in riotous growth!
The grasping roots grab you!
The butterfly is unaffected. x3; Jeremiah is unaffected.
The grasping roots constrict you.
* * * LOW HITPOINT WARNING * * *
Unknown command.
Unknown command.
Unknown command.
Unknown command.
You hit Jeremiah. You freeze Jeremiah.
Your tail-slap misses Jeremiah.
Jeremiah is almost dead.
You slash the butterfly! You freeze the butterfly.
You kill the butterfly!
The butterfly disappears in a burst of colours!
Cornered, the butterfly turns to fight!
Jeremiah lets out a twisted cry.
Something smites you!
* * * LOW HITPOINT WARNING * * *
The grasping roots constrict you.
* * * LOW HITPOINT WARNING * * *
Unknown command.
Unknown command.
Unknown command.
Unknown command.
You closely miss the butterfly. You hit Jeremiah. You freeze Jeremiah.
You closely miss the butterfly.
The butterfly disappears in a burst of colours! x3
Jeremiah hits you with a +2 glaive of draining.
* * * LOW HITPOINT WARNING * * *
You feel drained.
* * * LOW HITPOINT WARNING * * *
The grasping roots constrict you.
* * * LOW HITPOINT WARNING * * *
Jeremiah hits you with a +2 glaive of draining!
You die...
Your body crumbles into a pile of gold.

'...# # #...# #
#.<.# # #######.b.#
# #....#..b.# #
#....#..b.# #
#....##...#.......#
#
#....##bb.#.......#
#
##...##bbh#.......#
#
##...##.bF#.......#
#
#...>##.bb#.......#
#
#....##..b#.......#
#
###'###o..#.......#
#
#.....#..b#.......#
#
#.....#.b.#.......#
#
#.....#...#.......#
#
#.....#...#.....<[#
#


You could see Jeremiah and an orc (fleeing).

Vanquished Creatures
  Gastronok (D:8)
  Pikel (D:4)
  A manticore (D:7)
  Psyche (D:8)
  Maggie (D:6)
  A slime creature (D:7)
  Sigmund (D:2)
  A wraith (D:7)
  2 steam dragons
  Eustachio (D:5)
  Menkaure (D:6)
  Duvessa (D:6)
  A water moccasin (D:7)
  An orc warrior (D:7)
  3 black bears
  An ice beast (D:7)
  2 ogres
  3 centaurs
  2 phantoms
  5 scorpions
  4 bullfrogs
  4 gnoll sergeants (D:5)
  2 wyvern zombies (D:7)
  11 wights
  Dowan (D:6)
  5 jellies
  A killer bee (D:7)
  3 howler monkeys
  A centaur zombie (D:7)
  A crimson imp (D:7)
  2 orc priests
  7 hounds
  4 gnoll boudas
  5 iguanas
  A sleepcap (D:7)
  Terence (D:3)
  2 orc wizards
  A howler monkey zombie (D:7)
  38 gnolls
  6 adders
  2 white imps
  2 ufetubi
  A worm (D:5)
  A dart slug (D:4)
  30 orcs
  6 bats
  3 endoplasms
  5 giant cockroaches
  5 goblins
  4 hobgoblins
  8 jackals
  A quokka (D:2)
  5 ball pythons
  2 frilled lizards
  8 kobolds
  2 rats
216 creatures vanquished.

Notes
Turn   | Place    | Note
-------+----------+-------------------------------------------
     0 | D:1      | Newt the Draconian Shapeshifter began the quest for the
                  | Orb.
     0 | D:1      | Reached XP level 1. HP: 16/16 MP: 1/1
    36 | D:1      | Found a faded altar of an unknown god.
   162 | D:1      | Reached XP level 2. HP: 25/25 MP: 2/2
   568 | D:2      | Reached XP level 3. HP: 10/31 MP: 3/3
   840 | D:2      | Noticed Sigmund
  1004 | D:1      | Reached XP level 4. HP: 38/38 MP: 4/4
  1048 | D:2      | Killed Sigmund
  1049 | D:2      | Reached skill level 5 in Shapeshifting
  1049 | D:2      | Reached XP level 5. HP: 32/45 MP: 5/5
  1405 | D:3      | You fall into a shaft and drop 2 floors!
  1405 | D:5      | Entered Level 5 of the Dungeon
  1419 | D:4      | Noticed a black bear
  1442 | D:4      | Killed a black bear
  1443 | D:4      | Reached XP level 6. HP: 40/51 MP: 6/6
  1619 | D:4      | Your scales start taking on a pale cyan-grey colour.
  1619 | D:4      | Reached XP level 7. HP: 54/60 MP: 7/7
  1619 | D:4      | Gained mutation: You are immune to the effects of steam.
                  | [Pale Draconian growth]
  1711 | D:4      | Found a white marble altar of Elyvilon.
  1938 | D:3      | Found a shimmering altar of Xom.
  1946 | D:3      | Noticed Terence
  1965 | D:3      | Killed Terence
  2074 | D:3      | Reached skill level 5 in Fighting
  2466 | D:4      | Gained mutation: You are clumsy. (Dex -2) [potion of
                  | mutation]
  2466 | D:4      | Gained mutation: Your mind is acute. (Int +4, Str/Dex -1)
                  | [potion of mutation]
  2466 | D:4      | Gained mutation: Your flesh is cold resistant. (rC+)
                  | [potion of mutation]
  2575 | D:4      | Noticed Pikel
  2590 | D:4      | Killed Pikel
  2591 | D:4      | Reached skill level 1 in Throwing
  2591 | D:4      | Reached XP level 8. HP: 67/70 MP: 8/8
  3601 | D:5      | Reached skill level 1 in Short Blades
  3759 | D:5      | Got the Elucidation of Flame
  4030 | D:5      | Found Dozoedut's Assorted Antiques.
  4074 | D:5      | Noticed Eustachio
  4095 | D:5      | Killed Eustachio
  4628 | D:5      | Found Gameevog's Magic Scroll Emporium.
  4641 | D:5      | Bought a scroll of identify for 28 gold pieces
  4677 | D:5      | Reached XP level 9. HP: 75/79 MP: 9/9
  5372 | D:6      | Noticed Duvessa
  5372 | D:6      | Noticed Dowan
  5385 | D:6      | Killed Duvessa
  5386 | D:6      | Killed Dowan
  5507 | D:6      | Noticed Maggie
  5530 | D:6      | Killed Maggie
  5774 | D:6      | Noticed Menkaure
  5780 | D:6      | Killed Menkaure
  5952 | D:6      | Found a blossoming altar of Fedhas.
  5952 | D:6      | Found a glowing golden altar of the Shining One.
  6006 | D:6      | Reached skill level 1 in Shields
  6890 | D:7      | Found a staircase to the Ecumenical Temple.
  6905 | Temple   | Entered the Ecumenical Temple
  6933 | Temple   | Became a worshipper of Gozag Ym Sagoz the Greedy
  7003 | D:7      | Reached XP level 10. HP: 57/88 MP: 10/10
  7250 | D:7      | Reached skill level 1 in Evocations
  7344 | D:7      | Noticed a manticore
  7358 | D:7      | Killed a manticore
  7684 | D:7      | Reached skill level 5 in Evocations
  8053 | D:7      | Found a radiant altar of Vehumet.
  8055 | D:7      | Found a burning altar of Makhleb.
  8260 | D:8      | Noticed Gastronok
  8607 | D:8      | Killed Gastronok
  9020 | D:8      | Reached skill level 1 in Axes
  9035 | D:8      | Noticed Psyche
  9060 | D:8      | Killed Psyche
  9451 | D:8      | Reached XP level 11. HP: 90/97 MP: 11/11
  9555 | D:8      | Found a staircase to the Lair.
  9625 | D:8      | Noticed Jeremiah
  9639 | D:8      | Mangled by Jeremiah

Illustrated notes

Levels and vault maps discovered:
D:1:      lightli_arrival_maybe_door_vault, layout_rooms,
          shapermc_ecumenical_altar_gd
D:2:      layout_rooms, uniq_sigmund
D:3:      layout_loops_ring, amcnicky_altar_gilded, uniq_terence
D:4:      layout_loops_ring, lemuel_doored_altar, st_stairs_13, uniq_pikel
D:5:      layout_cave_pools, serial_gnoll_camp, gnoll_camp_mini_shop,
          gnoll_camp_mini_shop, gnoll_camp_huts_basic, gnoll_camp_mini_sergeant,
          gnoll_camp_medium_01, minmay_misc_feat_plants, nrook_mini_backslash,
          minmay_misc_feat_square, minmay_tree_intersection, sigmund_army,
          uniq_eustachio
D:6:      layout_loops_cross, gammafunk_temple_overflow_elements,
          corner_web_ring, uniq_prince_ribbit1, uniq_maggie, uniq_duvessa,
          uniq_menkaure
D:7:      nzn_winding_woodlands_small [nzn_winding_woodlands_5x15_split_checker,
          nzn_winding_woodlands_center_pierced_h,
          nzn_winding_woodlands_5x15_pockets], layout_basic,
          grunt_temple_overflow_lords_of_destruction,
          minmay_temple_entry_enclosed_plants, serial_undead, serial_undead_d,
          serial_undead_f, serial_undead_a, serial_undead_a
D:8:      layout_gridville, lair_entry_dummy, uniq_psyche, uniq_jeremiah,
          uniq_gastronok
D:9:      layout_irregular_city, nicolae_overflow_hidden_temple,
          nicolae_qazlal_scattered_showers, serial_shops, nicolae_shop_crystal
Temple:   nicolae_temple_superstar

Skill      XL: |  1  2  3  4  5  6  7  8  9 10 11 |
---------------+----------------------------------+-----
Fighting       | 2 3 4 6 7 9 |  9.0
Shapeshifting  | 5 6 7 9 |  9.0
Dodging        | 4 6 |  6.0
Throwing       | 1 3 |  3.0
Short Blades   | 3 4 |  4.5
Shields        | 4 |  4.0
Evocations     | 5 |  5.0
Axes           | 2 3 |  3.0
Unarmed Combat | |  3.0

Action                     |  1- 3 |  4- 6 |  7- 9 | 10-12 || total
---------------------------+-------+-------+-------+-------++-------
  Melee: Quarterstaff      |    77 |    43 |     7 |       ||   127
         Tailslap          |     6 |     6 |    72 |    37 ||   121
         Dagger            |       |       |   477 |   175 ||   652
         Punch             |       |       |     5 |       ||     5
         Hand axe          |       |       |       |    31 ||    31
         Unarmed           |       |       |       |     4 ||     4
   Fire: Sling             |       |    24 |       |       ||    24
  Throw: Throwing net      |       |       |     4 |       ||     4
         Boomerang         |       |       |     8 |       ||     8
Ability: Breathe Steam     |       |       |     9 |    15 ||    24
  Evoke: Wand              |       |       |       |     5 ||     5
    Use: Scroll            |     5 |     2 |     5 |     7 ||    19
         Potion            |     1 |       |     3 |     2 ||     6
   Stab: Sleeping          |     1 |       |       |       ||     1
         Held in net/web   |       |       |     2 |       ||     2
         Fleeing           |       |       |       |     2 ||     2
 Armour: Skin              |    60 |    17 |   100 |    34 ||   211
  Dodge: Dodged            |    68 |    35 |   234 |    58 ||   395
  Block: Other             |       |       |    49 |     1 ||    50
         Kite shield       |       |       |   224 |   153 ||   377
         Reflection        |       |       |     9 |     5 ||    14

Table legend: (Time is in decaauts)
 A = Elapsed time spent in this place.
 B = Non-inter-level travel time spent in this place.
 C = Inter-level travel time spent in this place.
 D = Time resting spent in this place.
 E = Time spent auto-exploring this place.
 F = Levels seen in this place.
 G = Mean time per level.
                   A        B        C        D        E       F      G
               +--------+--------+--------+--------+--------+-----+--------+
         Total |   9753 |   9386 |    367 |   3187 |   4414 |  10 |  975.3 |
       Dungeon |   9711 |   9385 |    326 |   3187 |   4414 |   9 | 1079.0 |
        Temple |     41 |      1 |     40 |      0 |      0 |   1 |   41.0 |
               +--------+--------+--------+--------+--------+-----+--------+

Top non-repeatable levels by time:
     D:7: 2718 daAuts
     D:5: 1945 daAuts
     D:4: 1453 daAuts
     D:6: 1001 daAuts
     D:1: 756 daAuts
     D:2: 656 daAuts
     D:3: 614 daAuts
     D:8: 556 daAuts
  Temple: 41 daAuts
     D:9: 9 daAuts
